 Dungeon Crawl Stone Soup version 0.32-a0-799-g95e1662365 (webtiles) character file.

Game seed: 16393271279994464915

21595 hikkokomori the Carver (level 12, -1/94 HPs)
             Began as a Coglin Warper on Mar 21, 2024.
             Was a High Priest of Okawaru.
             Killed from afar by a rime drake (19 damage)
             ... with an icy flash freeze
             ... on level 1 of the Lair of Beasts.
             The game lasted 01:00:32 (13489 turns).

hikkokomori the Carver (Coglin Warper)             Turns: 13489, Time: 01:00:32

Health: -1/94      AC: 15    Str: 12    XL:     12   Next: 91%
Magic:  8/21       EV: 13    Int: 14    God:    Okawaru [*****.]
Gold:   378        SH:  0    Dex: 17    Spells: 3/23 levels left

rFire   + . .        n - +4 long sword of Abuse {freeze, +Blink rF+ Will-}
rCold   . . .        v - +1 dagger (speed) {Tejnoor}
rNeg    . . .        Q - +4 steam dragon scales
rPois   .            y - +0 helmet
rElec   .            k - +1 cloak
rCorr   .            V - +0 pair of gloves
SInv    .            H - +0 pair of boots
Will    .....        (amulet unavailable)
Stlth   ++           (ring unavailable)
HPRegen 0.35/turn    (ring unavailable)
MPRegen 0.17/turn    (no gizmo)

%: no passive effects
@: brilliant, slowed, revved, very slow
A: off-hand wielding, slow wielding, warmup strikes, no jewellery
a: Invent Gizmo, Renounce Religion, Evoke Blink, Heroism, Finesse, Duel


You were on level 1 of the Lair of Beasts.
You worshipped Okawaru.
Okawaru was extremely pleased with you.
You visited 4 branches of the dungeon, and saw 14 of its levels.
You also visited: Sewer and Ossuary.

You collected 777 gold pieces.
You spent 399 gold pieces at shops.

Inventory:

Hand Weapons
 a - a +0 falchion of draining {Fumito}
 n - the +4 long sword of Abuse (weapon) {freeze, +Blink rF+ Will-}
   (You found it on level 2 of the Dungeon)

   rF+:       It protects you from fire.
   Will-:     It decreases your willpower.
   +Blink:    It lets you blink.
 p - a +1 dagger of electrocution {Sukanya}
 v - a +1 dagger of speed (offhand) {Tejnoor}
Missiles
 d - 8 darts of dispersal
 f - 8 boomerangs (quivered)
 h - 33 poisoned darts
 R - 5 javelins
 W - 3 atropa-tipped darts
Armour
 g - +0 swamp dragon scales
 k - a +1 cloak (worn)
 x - a +0 helmet
 y - a +0 helmet (worn)
 H - a +0 pair of boots (worn)
 K - a +0 troll leather armour {Pargi}
 Q - +4 steam dragon scales (worn)
 V - a +0 pair of gloves (worn)
Wands
 b - a wand of quicksilver (3)
 z - a wand of warping (2)
 F - a wand of flame (9)
 S - a wand of paralysis (1)
Scrolls
 c - 3 scrolls of blinking
 e - a scroll of identify
 l - 2 scrolls of fear
 m - 2 scrolls of noise
 o - 5 scrolls of vulnerability
 q - 2 scrolls of amnesia
 r - a scroll of brand weapon
 s - 4 scrolls of teleportation
 u - a scroll of torment
 A - 3 scrolls of immolation
 J - a scroll of fog
 M - a scroll of revelation
 O - a scroll of poison
 T - a scroll of enchant armour
Potions
 i - 5 potions of curing
 j - 2 potions of might
 t - 4 potions of lignification
 w - a potion of heal wounds
 B - 2 potions of attraction
 C - 2 potions of resistance
 D - 2 potions of magic
 E - a potion of ambrosia
 G - a potion of enlightenment {unknown}
 I - 2 potions of brilliance
 L - a potion of experience {unknown}
 P - 2 potions of degeneration {unknown}
 U - a potion of invisibility {unknown}
Miscellaneous
 N - a tin of tremorstones (inert)


   Skills:
 + Level 8.6 Fighting
 + Level 8.8 Long Blades
 - Level 3.0 Throwing
 - Level 4.0 Armour
 - Level 4.0 Dodging
 - Level 3.0 Stealth
 - Level 6.0 Spellcasting
 - Level 6.0 Conjurations
 - Level 2.0 Hexes
 - Level 8.0 Translocations
 - Level 7.0 Air Magic
 - Level 2.0 Invocations
 - Level 8.0 Evocations


You had 3 spell levels left.
You knew the following spells:

 Your Spells              Type           Power      Damage    Failure   Level
a - Blink                 Tloc           78%        N/A       1%          2
b - Lesser Beckoning      Tloc           78%        N/A       1%          2
c - Vhi's Electric Charg  Tloc/Air       74%        N/A       7%          4
d - Manifold Assault      Tloc           39%        N/A       6%          4
e - Dazzling Flash        Conj/Hex       46%        N/A       9%          3
f - Arcjolt               Conj/Air       16%        1d26      30%         5

Your spell library contained the following spells:

 Spells                   Type           Power      Damage    Failure   Level
 Teleport Other           Tloc           39%        N/A       1%          3
 Hailstorm                Conj/Ice       18%        3d7       14%         3
 Freeze                   Ice            24%        1d4       16%         1
 Frozen Ramparts          Ice            12%        1d2       43%         3
 Cause Fear               Hex            7%         N/A       56%         4
 Fireball                 Conj/Fire      9%         3d6       77%         5
 Borgnjor's Vile Clutch   Necr/Erth      3%         N/A       99%         5
 Plasma Beam              Fire/Air       10%        2x1d21    99%         6
 Starburst                Conj/Fire      9%         6d5       100%        6
 Maxwell's Capacitive Co  Air            17%        ∞         100%        8
 Animate Armour           Summ/Erth      Unusable   N/A       N/A         4
 Animate Dead             Necr           Unusable   N/A       N/A         4
 Death Channel            Necr           Unusable   N/A       N/A         6
 Dragon's Call            Summ           Unusable   N/A       N/A         9

Dungeon Overview and Level Annotations

Branches:
Dungeon (11/15)            Temple (1/1) D:4            Lair (1/5) D:10
    Orc (1/2) D:10          Sewer (visited)         Ossuary (visited)

Altars:
Ashenzari
Cheibriados
Dithmenos
Elyvilon
Fedhas
Gozag
Hepliaklqana
Kikubaaqudgha
Makhleb
Nemelex Xobeh
Okawaru
Qazlal
Ru
Sif Muna
Trog
Uskayaw
Vehumet
Wu Jian
Xom
Yredelemnul
Zin
The Shining One

Shops:
D:3 *   D:4 *   D:5 :*   D:6 *   D:11 [

Annotations:
D:5 2 transporters, hecktor's ghost, novice OpHu
D:9 2 transporters, Scrimshaw's ghost, novice CoHs
D:10 Erolcha
D:11 2 runed translucent doors, KSaturn's ghost, journeyman HuSu


Innate Abilities, Weirdness & Mutations

You can wield a second weapon in your off-hand.
It takes a long time for you to wield or remove held weapons.
Your first few attacks do less damage.
You cannot equip rings or amulets.


Message History

You feel extremely sick.
The cane toad stings you but does no damage.
Casting: Manifold Assault (dangerous; 6% risk of failure)
Confirm with . or Enter, or press ? or * to list all spells.
You feel a surge of power!
Space momentarily warps into an impossible shape!
You barely miss the rime drake with the +4 long sword of Abuse.
You hit the rime drake but do no damage.
You slash the torpor snail with the +4 long sword of Abuse!
You freeze the torpor snail.
You hit the torpor snail with your +1 dagger of speed.
You feel very sick.
The cane toad is no longer moving slowly.
The cane toad stings you!
* * * LOW HITPOINT WARNING * * *
Casting: Manifold Assault (dangerous; 6% risk of failure)
Confirm with . or Enter, or press ? or * to list all spells.
You feel a surge of power!
Space momentarily warps into an impossible shape!
You hit the cane toad but do no damage. x2
You hit the torpor snail but do no damage.
You hit the torpor snail with the +4 long sword of Abuse.
You freeze the torpor snail.
You closely miss the rime drake with your +1 dagger of speed.
You slash the rime drake with the +4 long sword of Abuse!
You freeze the rime drake.
* * * LOW HITPOINT WARNING * * *
You feel very sick. The cane toad misses you.
You closely miss the cane toad with the +4 long sword of Abuse.
The cane toad is almost dead.
You hit the cane toad but do no damage.
* * * LOW HITPOINT WARNING * * *
You feel very sick.
The rime drake bites you but does no damage.
The cane toad barely misses you.
You feel better. The rime drake breathes ice at you.
The icy flash freeze hits you!!
You die...

♣.♣♣♣ ♣♣...♣♣
♣♣[...)♣ ♣♣≈....♣
♣♣(..... ♣
♣......≈
♣$......$♣
♣..≈♣...
♣$......$♣
♣♣.≈♣≈..
♣≈.w.♣..≈♣
♣♣..♣≈.. ♣≈♣...♣≈♣
♣....... ♣Fk♣.♣.≈♣
♣.....÷. ♣@..♣...♣
♣♣≈..♣..
♣.≈≈≈≈≈.♣#♣≈♣≈...≈
♣.......♣#..≈♣#..≈
♣♣...P..♣#♣..#♣#.≈
♣♣♣♣....♣#....#...
♣.§...#♣♣#♣......≈
#♣.#..#♣#♣
♣≈.....≈
#.§§.≈♣#.♣
♣♣≈..#..
#≈..≈♣≈..♣
♣≈.....≈


You could see a torpor snail, a cane toad and a rime drake (catching breath).

Vanquished Creatures
  Snorg (D:11)
  2 catoblepae (Lair:1)
  2 two-headed ogres
  Pikel (D:7)
  An ugly thing (D:11)
  Maurice (D:7)
  Joseph (D:7)
  3 cane toads (Lair:1)
  Maggie (D:7)
  2 rime drakes
  3 komodo dragons (Lair:1)
  A polar bear (D:10)
  2 trolls (D:9)
  6 blink frogs (Lair:1)
  Prince Ribbit (D:8)
  A vampire (D:8)
  20 yaks
  6 wyverns
  6 basilisks (Lair:1)
  A steam dragon (D:7)
  A warg (Orc:1)
  Menkaure (D:7)
  4 water moccasins
  Edmund (D:4)
  An acid dragon (D:10)
  4 orc warriors
  2 sky beasts (D:7)
  2 ice beasts (D:10)
  Pargi (Sewer)
  6 black bears
  2 ogres
  8 wolves
  3 lemures (D:7)
  7 centaurs
  2 brain worms (Sewer)
  2 kobold brigands
  9 scorpions
  8 bullfrogs
  4 gnoll sergeants
  8 wights
  6 killer bees (D:9)
  2 howler monkeys (D:7)
  2 centaur zombies (Ossuary)
  5 human zombies (Ossuary)
  2 hounds
  10 orc priests
  An iguana (D:6)
  Terence (D:2)
  17 orc wizards
  3 scorpion zombies (Ossuary)
  3 hound zombies (D:4)
  A hound skeleton (D:4)
  3 mummies (Ossuary)
  17 gnolls
  13 adders
  2 shadow imps
  6 ufetubi
  3 adder skeletons (D:4)
  4 adder zombies
  6 dart slugs
  2 ribbon worms (D:2)
  48 orcs
  8 ball pythons
  12 endoplasms
  6 giant cockroaches
  2 gnoll zombies (Ossuary)
  12 goblins
  4 hobgoblins
  3 jackals (D:4)
  2 quokkas
  3 ball python zombies (Ossuary)
  8 bats
  7 frilled lizards
  2 jackal zombies (Ossuary)
  17 kobolds
  2 orc zombies (Ossuary)
  5 rats
388 creatures vanquished.

Vanquished Creatures (others)
  A rime drake (Lair:1)
1 creature vanquished.

Grand Total: 389 creatures vanquished

Notes
Turn   | Place    | Note
-------+----------+-------------------------------------------
     0 | D:1      | hikkokomori the Coglin Warper began the quest for the Orb.
     0 | D:1      | Reached XP level 1. HP: 16/16 MP: 3/3
   112 | D:1      | Reached XP level 2. HP: 21/22 MP: 4/4
   407 | D:1      | Found a faded altar of an unknown god.
   833 | D:1      | Reached XP level 3. HP: 28/28 MP: 6/6
  1066 | D:2      | Identified the +4 long sword of Abuse {freeze, +Blink rF+
                  | Will-}
  1134 | D:2      | Learned a level 2 spell: Blink
  1137 | D:2      | Learned a level 2 spell: Lesser Beckoning
  1227 | D:2      | Reached XP level 4. HP: 34/34 MP: 7/7
  1353 | D:2      | Noticed Terence
  1372 | D:2      | Killed Terence
  1378 | D:2      | Reached XP level 5. HP: 27/41 MP: 8/8
  1633 | D:3      | Found a snail-covered altar of Cheibriados.
  1767 | D:3      | Found Neloiwko's Assorted Antiques.
  1790 | D:3      | Found a radiant altar of Vehumet.
  1802 | D:3      | Bought a scroll labelled MEDONE UCWI for 21 gold pieces
  1802 | D:3      | Bought a brown potion for 18 gold pieces
  1802 | D:3      | Bought a ruby potion for 18 gold pieces
  1802 | D:3      | Bought a scroll labelled VOTAUTILLAUCA for 21 gold pieces
  2395 | D:3      | Learned a level 4 spell: Vhi's Electric Charge
  2407 | D:4      | Found a staircase to the Ecumenical Temple.
  2416 | Temple   | Entered the Ecumenical Temple
  2431 | Temple   | Became a worshipper of Warmaster Okawaru
  2474 | D:4      | Noticed Edmund
  2492 | D:4      | Killed Edmund
  2493 | D:4      | Reached skill level 1 in Evocations
  2493 | D:4      | Reached XP level 6. HP: 47/47 MP: 10/10
  2499 | D:4      | Reached skill level 1 in Air Magic
  2531 | D:4      | Found Hecau's Assorted Antiques.
  2549 | D:4      | Noticed a black bear
  2556 | D:4      | Killed a black bear
  2556 | D:4      | Reached * piety under Okawaru
  2557 | D:4      | Reached XP level 7. HP: 41/53 MP: 11/11
  2615 | D:4      | Found a sand-covered staircase.
  2628 | Ossuary  | Entered an ossuary
  2649 | Ossuary  | Reached skill level 5 in Translocations
  2733 | Ossuary  | Reached ** piety under Okawaru
  2784 | Ossuary  | Reached XP level 8. HP: 56/60 MP: 12/12
  2940 | Ossuary  | Reached skill level 5 in Evocations
  3361 | D:4      | Found a shimmering altar of Xom.
  3362 | D:4      | Found a glowing golden altar of the Shining One.
  3364 | D:4      | Found a glowing silver altar of Zin.
  3365 | D:4      | Found a hazy altar of Hepliaklqana.
  3369 | D:4      | Found an ornate altar of the Wu Jian Council.
  3370 | D:4      | Found a sparkling altar of Nemelex Xobeh.
  3743 | D:5      | Entered Level 5 of the Dungeon
  3997 | D:5      | Reached skill level 5 in Fighting
  4037 | D:5      | Found a transporter.
  4039 | D:5      | Found a transporter.
  4097 | D:5      | Reached *** piety under Okawaru
  4098 | D:5      | Reached skill level 5 in Long Blades
  4098 | D:5      | Reached XP level 9. HP: 63/68 MP: 14/14
  4115 | D:5      | Noticed hecktor's ghost (novice OpHu)
  4135 | D:5      | Found a shadowy altar of Dithmenos.
  4135 | D:5      | Found a hide-covered altar of Uskayaw.
  4135 | D:5      | Found a stormy altar of Qazlal.
  4167 | D:5      | Found a shimmering blue altar of Sif Muna.
  4190 | D:5      | Found Xemiq's Book Shop.
  4191 | D:5      | Found Qikhlahee's General Store.
  4203 | D:5      | Reached skill level 1 in Throwing
  4650 | D:5      | Learned a level 4 spell: Manifold Assault
  4654 | D:5      | Learned a level 3 spell: Dazzling Flash
  4689 | D:6      | Found a glowing drain.
  4745 | Sewer    | Entered a sewer
  4797 | Sewer    | Reached skill level 1 in Hexes
  4882 | Sewer    | Noticed Pargi
  4888 | Sewer    | Killed Pargi
  4889 | Sewer    | Reached skill level 1 in Conjurations
  5081 | D:6      | Found Weofirem's General Store.
  5184 | D:6      | Reached skill level 1 in Invocations
  5257 | D:6      | Reached **** piety under Okawaru
  5638 | D:7      | Found a burning altar of Makhleb.
  5810 | D:7      | Found a basalt altar of Yredelemnul.
  5852 | D:7      | Reached XP level 10. HP: 68/74 MP: 16/16
  5863 | D:7      | Reached skill level 5 in Air Magic
  5967 | D:7      | Noticed Menkaure
  5970 | D:7      | Noticed Pikel
  6108 | D:7      | Noticed Maggie
  6124 | D:7      | Killed Maggie
  6233 | D:7      | Noticed Joseph
  6252 | D:7      | Killed Joseph
  6321 | D:7      | Identified the +7 war axe "Goblinbane" {antimagic, +Blink}
  6406 | D:7      | Killed Pikel
  6444 | D:7      | Killed Menkaure
  6577 | D:7      | Noticed Maurice
  6595 | D:7      | Reached skill level 1 in Armour
  6602 | D:7      | Killed Maurice
  6602 | D:7      | Reached ***** piety under Okawaru
  6856 | D:4      | Bought a polished staff for 272 gold pieces
  6856 | D:4      | Identified the staff "Dragon's Tongue" {rElec rN+ Int-4
                  | Conj Ice} (You bought it in a shop on level 4 of the
                  | Dungeon)
  7049 | D:8      | Noticed a two-headed ogre
  7068 | D:8      | Killed a two-headed ogre
  7191 | D:8      | Noticed Prince Ribbit
  7203 | D:8      | Killed Prince Ribbit
  7204 | D:8      | Reached XP level 11. HP: 49/81 MP: 7/17
  7822 | D:8      | Found a shimmering blue altar of Sif Muna.
  7826 | D:8      | Got the Enchiridion on the Hot Tektite
  8067 | D:9      | Noticed a two-headed ogre
  8076 | D:9      | Killed a two-headed ogre
  8123 | D:9      | Noticed a two-headed ogre
  8124 | D:9      | Noticed Scrimshaw's ghost (novice CoHs)
  8125 | D:9      | Noticed a moth of wrath
  8127 | D:9      | Found a bloodstained altar of Trog.
  8127 | D:9      | Noticed a two-headed ogre
  8138 | D:9      | Noticed a two-headed ogre
  8254 | D:9      | Found a broken altar of Ashenzari.
  8417 | D:9      | Received a gift from Okawaru
  8508 | D:9      | Reached skill level 5 in Spellcasting
  8722 | D:9      | Found a transporter.
  8722 | D:9      | Noticed a two-headed ogre
  8724 | D:9      | Found a transporter.
  8739 | D:9      | Noticed a tengu warrior
  8949 | D:9      | Found a bloodstained altar of Trog.
  9155 | D:10     | Entered Level 10 of the Dungeon
  9502 | D:10     | Noticed Erolcha
  9576 | D:10     | Reached skill level 1 in Stealth
  9647 | D:10     | Found a staircase to the Orcish Mines.
  9647 | D:10     | You fall into a shaft and drop 1 floor!
  9913 | D:11     | Found Hueng's Armour Emporium.
 10094 | D:11     | Found a runed translucent door.
 10125 | D:11     | Found a runed translucent door.
 10129 | D:11     | Noticed KSaturn's ghost (journeyman HuSu)
 10206 | D:11     | Noticed a brown ugly thing
 10229 | D:11     | Killed a brown ugly thing
 10229 | D:11     | Received a gift from Okawaru
 10327 | D:11     | Learned a level 5 spell: Arcjolt
 10345 | D:11     | Noticed Snorg
 10358 | D:11     | Killed Snorg
 10359 | D:11     | Reached XP level 12. HP: 91/91 MP: 19/21
 10446 | D:10     | Found a staircase to the Lair.
 10910 | Lair:1   | Entered Level 1 of the Lair of Beasts
 11162 | D:5      | Bought a +0 pair of gloves for 49 gold pieces
 11365 | Orc:1    | Entered Level 1 of the Orcish Mines
 12245 | Lair:1   | Reached skill level 5 in Conjurations
 12452 | Lair:1   | Noticed a catoblepas
 12493 | Lair:1   | Killed a catoblepas
 13139 | Lair:1   | Received a gift from Okawaru
 13241 | Lair:1   | Noticed a catoblepas
 13241 | Lair:1   | Noticed a catoblepas
 13272 | Lair:1   | HP: 1/94 [catoblepas (19)]
 13274 | Lair:1   | Killed a catoblepas
 13489 | Lair:1   | Killed from afar by a rime drake

Illustrated notes

Levels and vault maps discovered:
D:1:      evilmike_arrival_plus, layout_loops_corners,
          shapermc_ecumenical_altar_starsandcircs
D:2:      layout_basic, minmay_distorted, uniq_terence
D:3:      layout_basic, fiery_altar_vehumet, kennysheep_slug_shrine,
          serial_shops, nicolae_shop_tiny_glass
D:4:      layout_cave_pools, grunt_temple_overflow_open,
          minmay_temple_entry_mini_moons, serial_shops, nicolae_stop_n_shop_1,
          mainiacjoe_ossuary_entry_find_the_door, uniq_edmund
D:5:      layout_basic, nicolae_overflow_quartered_altars, gammafunk_ghost_hive,
          serial_shops, shop, nicolae_shop_waterfront, minivault_23,
          chequers_big_river
D:6:      layout_basic, gup_sewer_entry_glass, serial_shops,
          nicolae_shop_hallway_plus
D:7:      layout_loops_ring, mainiacjoe_overflow_alcove_4,
          nicolae_overflow_crystal_walls, uniq_menkaure, uniq_pikel,
          uniq_joseph, uniq_crazy_yiuf_cottage, uniq_maggie, uniq_maurice
D:8:      layout_basic, minmay_stone_trees_small,
          serial_library_hellmonk_narrow_alcove, uniq_prince_ribbit1
D:9:      layout_basic, mainiacjoe_overflow_24_doors, trog_ov_bears_minmay,
          gammafunk_ghost_wrathful_warriors
D:10:     layout_small_grid, hellmonk_lair_entry_icy, orc_0_dummy, uniq_erolcha
D:11:     dreamdust_labyrinth, layout_gridville, ebering_ghost_inner_flame,
          serial_shops, shop, uniq_snorg
Temple:   hellmonk_temple_two_chambers
Lair:1:   regret_index_malice_mire, layout_misc_corridors,
          eino_small_chamber_without_monster, worms_lemuel
Orc:1:    layout_caves, mines2_david

Skill      XL: |  1  2  3  4  5  6  7  8  9 10 11 12 |
---------------+-------------------------------------+-----
Spellcasting   | 2 3 4 6 |  6.0
Fighting       | 3 4 5 7 8 |  8.6
Long Blades    | 3 4 5 6 7 8 |  8.8
Translocations | 4 5 7 8 |  8.0
Evocations     | 1 2 4 6 8 |  8.0
Air Magic      | 1 3 4 6 7 |  7.0
Throwing       | 3 |  3.0
Hexes          | 2 |  2.0
Conjurations   | 2 4 6 |  6.0
Invocations    | 1 2 |  2.0
Armour         | 2 4 |  4.0
Dodging        | 3 4 |  4.0
Stealth        | 3 |  3.0

Action                     |  1- 3 |  4- 6 |  7- 9 | 10-12 || total
---------------------------+-------+-------+-------+-------++-------
  Melee: Falchion          |    60 |       |       |       ||    60
         Dagger            |    56 |    83 |   296 |   615 ||  1050
         Long sword        |     6 |   100 |   335 |   753 ||  1194
  Throw: Boomerang         |       |       |    20 |    17 ||    37
         Dart              |       |       |     4 |     7 ||    11
         Javelin           |       |       |       |    12 ||    12
   Cast: Manifold Assault  |       |       |       |    41 ||    41
         Lesser Beckoning  |       |       |       |     4 ||     4
         Blink             |       |       |       |     4 ||     4
         Vhi's Electric Ch |       |       |       |     1 ||     1
         Arcjolt           |       |       |       |     1 ||     1
 Invoke: Heroism           |       |       |       |    19 ||    19
Ability: Evoke Blink       |       |       |       |     1 ||     1
  Evoke: Wand              |       |       |     1 |    24 ||    25
         Tin of tremorston |       |       |       |     2 ||     2
    Use: Scroll            |       |     7 |     7 |    15 ||    29
         Potion            |       |     1 |       |     8 ||     9
   Stab: Sleeping          |       |     1 |     1 |     2 ||     4
         Petrifying        |       |       |       |     2 ||     2
 Armour: Leather armour    |    47 |    48 |   148 |       ||   243
         Skin              |       |    13 |       |    67 ||    80
         Troll leather arm |       |       |    63 |   368 ||   431
         Steam dragon scal |       |       |       |   156 ||   156
  Dodge: Dodged            |    35 |    44 |   148 |   413 ||   640

Table legend: (Time is in decaauts)
 A = Elapsed time spent in this place.
 B = Non-inter-level travel time spent in this place.
 C = Inter-level travel time spent in this place.
 D = Time resting spent in this place.
 E = Time spent auto-exploring this place.
 F = Levels seen in this place.
 G = Mean time per level.
                   A        B        C        D        E       F      G
               +--------+--------+--------+--------+--------+-----+--------+
         Total |  13372 |  12650 |    722 |    648 |   8649 |  16 |  835.8 |
       Dungeon |  10241 |   9555 |    686 |    326 |   6758 |  11 |  931.0 |
        Temple |     37 |     37 |      0 |      0 |      0 |   1 |   37.0 |
          Lair |   1944 |   1921 |     23 |    154 |   1286 |   1 | 1944.0 |
  Orcish Mines |    233 |    221 |     12 |    100 |     69 |   1 |  233.0 |
         Sewer |    292 |    292 |      0 |     68 |    142 |   1 |  292.0 |
       Ossuary |    622 |    622 |      0 |      0 |    393 |   1 |  622.0 |
               +--------+--------+--------+--------+--------+-----+--------+

Top non-repeatable levels by time:
  Lair:1: 1944 daAuts
     D:7: 1266 daAuts
     D:9: 1256 daAuts
     D:5: 1109 daAuts
     D:8: 1040 daAuts
    D:10: 946 daAuts
     D:1: 900 daAuts
     D:3: 889 daAuts
     D:6: 772 daAuts
    D:11: 767 daAuts
     D:4: 667 daAuts
     D:2: 626 daAuts
 Ossuary: 622 daAuts
   Sewer: 292 daAuts
   Orc:1: 233 daAuts
